 Dungeon Crawl Stone Soup version 0.21-a0-404-g291f19a (webtiles) character file.

265 Hasart the Slasher (level 6, -4/43 HPs)
             Began as a Halfling Fighter on Oct 30, 2017.
             Slain by an iguana (8 damage)
             ... on level 4 of the Dungeon.
             The game lasted 00:06:43 (2767 turns).

Hasart the Slasher (Halfling Fighter)               Turns: 2767, Time: 00:06:44

Health: -4/43      AC:  8    Str: 19    XL:     6   Next: 44%
Magic:  6/6        EV: 10    Int:  6    God:
Gold:   66         SH:  9    Dex:  8    Spells: 5/5 levels left

rFire    . . .     SeeInvis .   a - +1 long sword
rCold    . . .     Gourm    .   c - +0 shield
rNeg     . . .     Faith    .   o - +0 steam dragon scales
rPois    +         Spirit   .   (no helmet)
rElec    .         Reflect  .   r - +0 cloak
rCorr    .         Harm     .   x - +0 pair of gloves
MR       .....                  (no boots)
Stlth    +.........             (no amulet)
HPRegen  0.14/turn              i - ring of poison resistance
MPRegen  0.10/turn              w - -6 ring of dexterity (curse)

@: no status effects
A: mutation resistance 1
a: no special abilities


You were on level 4 of the Dungeon.
You were not hungry.

You visited 1 branch of the dungeon, and saw 4 of its levels.

You collected 66 gold pieces.

Inventory:

Hand Weapons
 a - a +1 long sword (weapon)
Armour
 c - a +0 shield (worn)
 o - +0 steam dragon scales (worn)
 r - a +0 cloak (worn)
 x - a +0 pair of gloves (worn)
Jewellery
 e - an uncursed ring of magical power
 i - a ring of poison resistance (left hand)
 w - a cursed -6 ring of dexterity (right hand)
 y - a +3 ring of strength {unknown}
 z - an uncursed ring of resist corrosion {unknown}
Scrolls
 g - a scroll of identify
 n - a scroll of immolation
 q - a scroll of teleportation
 s - a scroll of fear
Potions
 b - 2 potions of lignification {unknown}
 d - a potion of might
 h - a potion of curing {unknown}
 k - a potion of invisibility
 l - 2 potions of cancellation {unknown}
 m - 3 potions of heal wounds {unknown}
 t - a potion of ambrosia {unknown}
 u - 2 potions of mutation {unknown}
 v - a potion of magic {unknown}
 A - a potion of flight {unknown}
Comestibles
 f - 4 bread rations
 j - 3 meat rations
 p - 3 chunks of flesh


   Skills:
 + Level 4.1 Fighting
 * Level 5.3 Long Blades
 - Level 3.2 Armour
 - Level 3.2 Shields


You had 5 spell levels left.
You didn't know any spells.

Dungeon Overview and Level Annotations

Branches:
Dungeon (4/15)
 Temple: D:4-7

Altars:


Innate Abilities, Weirdness & Mutations

You are small and have problems with some larger weapons.
You are somewhat resistant to further mutation.


Message History

You are too injured to fight recklessly!
You barely miss the ogre.
The ogre is lightly wounded.
You block the ogre's attack. You block the iguana's attack.
You closely miss the ogre.
The ogre is lightly wounded.
The leopard gecko barely misses you.
You riposte.
You closely miss the leopard gecko.
The leopard gecko is almost dead.
The iguana completely misses you. You block the ogre's attack.
You completely miss the ogre.
The ogre is lightly wounded.
The leopard gecko bites you. You block the iguana's attack.
The ogre hits you with a giant club!
* * * LOW HITPOINT WARNING * * *
The leopard gecko bites you but does no damage.
You hit the ogre.
The ogre is lightly wounded.
The iguana bites you!
You die...

#.......# #.......#
#...(...# ##########
#......(###........#
#....<.............#
#..................#
#..................#
#.......###........#
#######.# #...@....#
#.# #..llO...# #.#
#........# #.#
#........#
......?(..#
...........#
......###..). ..###.
#####


You could see an ogre, an iguana and a leopard gecko.

Vanquished Creatures
  A phantom (D:3)
  Crazy Yiuf (D:2)
  A worker ant (D:3)
  4 adders
  A worm (D:2)
  2 dart slugs
  An orc (D:3)
  5 bats
  8 giant cockroaches
  11 goblins
  9 hobgoblins
  6 jackals
  9 kobolds
  2 quokkas (D:2)
  2 ball pythons
  A frilled lizard (D:1)
  12 rats
76 creatures vanquished.

Notes
Turn   | Place    | Note
-------+----------+-------------------------------------------
     0 | D:1      | Hasart the Halfling Fighter began the quest for the Orb.
     0 | D:1      | Reached XP level 1. HP: 15/15 MP: 1/1
   132 | D:1      | Reached XP level 2. HP: 20/20 MP: 2/2
   763 | D:1      | Reached XP level 3. HP: 26/26 MP: 3/3
   810 | D:1      | Reached skill level 3 in Long Blades
  1235 | D:2      | Reached XP level 4. HP: 24/31 MP: 4/4
  1360 | D:2      | Found a runed door.
  1786 | D:2      | Reached skill level 4 in Long Blades
  1872 | D:2      | Noticed Crazy Yiuf
  1876 | D:2      | Killed Crazy Yiuf
  1876 | D:2      | Reached XP level 5. HP: 31/36 MP: 5/5
  1934 | D:3      | Noticed a phantom
  1973 | D:3      | Killed a phantom
  1973 | D:3      | Reached XP level 6. HP: 25/43 MP: 6/6
  2180 | D:3      | Reached skill level 5 in Long Blades
  2753 | D:4      | Noticed an ogre
  2767 | D:4      | Slain by an iguana

Vault maps used:
D:1:      onia_arrival_pyramid, serial_bayou_pond_c
D:2:      minmay_wonky_spiral, first_bread, uniq_crazy_yiuf_cottage

Skill      XL: |  1  2  3  4  5  6 |
---------------+-------------------+-----
Fighting       | 3 4 |  4.1
Long Blades    | 3 4 5 |  5.3
Armour         | |  3.2
Shields        | |  3.2

Action                   |  1- 3 |  4- 6 || total
-------------------------+-------+-------++-------
Melee: Long sword        |   117 |   164 ||   281
  Use: Scroll            |       |     6 ||     6
 Stab: Sleeping          |     1 |       ||     1
  Eat: Chunk             |     1 |     6 ||     7
Armor: Scale mail        |    31 |       ||    31
       Steam dragon scal |    11 |    44 ||    55
Dodge: Dodged            |    46 |    79 ||   125
Block: Shield            |    53 |    75 ||   128
       Rpst.: Long sword |    13 |    21 ||    34

Table legend:
 A = Spawn XP
 B = Non-spawn XP
 C = Spawn XP percentage of total XP
 D = Spawn monster count
 E = Non-spawn monster count
 F = Spawn count percentage of total count
 G = Total turns spent on level
                    A         B        C        D         E        F      G
               +---------+---------+-------+---------+---------+-------+---------
         Total |       0 |     379 |   0.0 |       0 |      76 |   0.0 |  2767
               +---------+---------+-------+---------+---------+-------+---------
           D:1 |       0 |      34 |   0.0 |       0 |      19 |   0.0 |   929
           D:2 |       0 |     132 |   0.0 |       0 |      33 |   0.0 |   988
           D:3 |       0 |     213 |   0.0 |       0 |      24 |   0.0 |   827
               +---------+---------+-------+---------+---------+-------+---------
